 Dungeon Crawl Stone Soup version 0.30-a0-808-g6e0788376e (webtiles) character file.

Game seed: 14962491707808318627

1078 Ceno the Insei (level 8, -4/52 HPs)
             Began as an Octopode Transmuter on Feb 27, 2023.
             Slain by Pikel
             ... wielding a +1 whip of freezing
              (5 damage)
             ... on level 5 of the Dungeon.
             The game lasted 00:16:48 (4475 turns).

Ceno the Insei (Octopode Transmuter)                Turns: 4475, Time: 00:16:48

Health: -4/52      AC:  5    Str:  9    XL:     8   Next: 29%
Magic:  10/13      EV: 13    Int: 18    God:
Gold:   302        SH:  0    Dex: 12    Spells: 3/13 levels left

rFire   . . .      SeeInvis .      - Unarmed
rCold   . . .      Faith    .    (no shield)
rNeg    + . .      Spirit   .    (helmet restricted)
rPois   .          Reflect  .    (no amulet)
rElec   .          Harm     .    b - +4 ring of protection
rCorr   .          Rampage  .    j - ring of positive energy
Will    .....                    l - ring of wizardry
Stlth   ++                       (no ring)
HPRegen 0.28/turn                (no ring)
MPRegen 0.13/turn                (no ring)
                                 (no ring)
                                 (no ring)

@: wereblooded
A: almost no armour, amphibious, 8 rings, camouflage 1, gelatinous body 1,
(nimble swimmer 1), tentacles
a: no special abilities


You were on level 5 of the Dungeon.
You visited 1 branch of the dungeon, and saw 5 of its levels.
You also visited: Sewer.

You collected 302 gold pieces.

Inventory:

Missiles
 c - 47 stones (quivered)
 e - a curare-tipped dart
 m - 8 poisoned darts
Jewellery
 b - a +4 ring of protection (left tentacle)
 j - a ring of positive energy (right tentacle)
 l - a ring of wizardry (on tentacle)
Wands
 a - a wand of flame (16)
Scrolls
 i - a scroll of teleportation {unknown}
 k - a scroll of blinking {unknown}
 q - 3 scrolls of immolation {unknown}
 r - a scroll of fear {unknown}
 s - a scroll of identify
Potions
 d - 5 potions of flight
 f - 3 potions of mutation
 g - 2 potions of ambrosia
 h - 2 potions of resistance {unknown}
 n - a potion of heal wounds
 o - a potion of curing
 p - 2 potions of brilliance {unknown}


   Skills:
 + Level 3.0 Fighting
 - Level 2.0 Dodging
 + Level 5.7 Unarmed Combat
 + Level 3.3 Spellcasting
 - Level 5.0 Transmutations
 + Level 4.0 Ice Magic
 - Level 3.0 Poison Magic


You had 3 spell levels left.
You knew the following spells:

 Your Spells              Type           Power      Damage    Failure   Level
a - Beastly Appendage     Tmut           42%        N/A       1%          1
b - Wereblood             Tmut           21%        N/A       1%          2
c - Spider Form           Tmut/Pois      17%        N/A       3%          3
d - Ice Form              Ice/Tmut       19%        N/A       10%         4

Your spell library contained the following spells:

 Spells                   Type           Power      Damage    Failure   Level
 Blink                    Tloc           6%         N/A       10%         2
 Lesser Beckoning         Tloc           6%         N/A       10%         2
 Momentum Strike          Conj/Tloc      6%         3d8       10%         2
 Call Canine Familiar     Summ           3%         N/A       19%         3
 Dazzling Flash           Conj/Hex       6%         N/A       19%         3
 Portal Projectile        Hex/Tloc       6%         N/A       19%         3
 Iskenderun's Mystic Bla  Conj/Tloc      3%         2d3       50%         4
 Leda's Liquefaction      Hex/Erth       1%         N/A       50%         4
 Starburst                Conj/Fire      1%         6d3       100%        6


Dungeon Overview and Level Annotations

Branches:
Dungeon (5/15)              Sewer (visited)
 Temple: D:4-7

Altars:

Shops:
D:1 (

Annotations:
D:3 2 runed translucent doors, cforsyth's ghost, amateur KoBr
D:5 exclusion: jelly, Pikel


Innate Abilities, Weirdness & Mutations

You cannot wear most types of armour.
You are amphibious.
You can wear up to eight rings at the same time.
Your skin changes colour to match your surroundings (Stealth+).
Your rubbery body absorbs attacks. (AC +1, EV +1)
((You are camouflaged when in or above water. (Stealth+)))
You have tentacles for arms and can constrict up to eight enemies at once.


Message History

Pikel hits you but does no damage.
You hit Pikel but do no damage.
Pikel looks as sick as possible!
Your transformation is almost over.
Pikel completely misses you.
Pikel says, "All the lords of Hell know my name!"
A lemure comes into view.
Pikel attacks as you move away!
Pikel hits you with a +1 whip of freezing.
Pikel freezes you.
The lemure shouts!
You hear a shout!
You completely miss Pikel.
Pikel is moderately wounded.
Pikel closely misses you.
You hit Pikel but do no damage.
Pikel is moderately wounded.
Pikel hits you with a +1 whip of freezing!
Pikel freezes you.
You hit Pikel.
Pikel looks as sick as possible!
Pikel is moderately wounded.
Pikel hits you with a +1 whip of freezing.
Pikel freezes you.
You barely miss Pikel.
Pikel is moderately wounded.
Your transformation has ended.
Pikel hits you with a +1 whip of freezing!
Pikel freezes you. Pikel attacks as you move away!
Pikel hits you with a +1 whip of freezing.
Pikel freezes you. Pikel attacks as you move away!
Pikel hits you with a +1 whip of freezing!
* * * LOW HITPOINT WARNING * * *
Pikel freezes you.
* * * LOW HITPOINT WARNING * * *
Pikel attacks as you move away! Pikel hits you but does no damage.
Pikel attacks as you move away!
Pikel hits you with a +1 whip of freezing!
* * * LOW HITPOINT WARNING * * *
Pikel freezes you.
You die...

$.. ...................~ ...
#..~P...~~P.~..~~~.~ ...
####....≈.≈≈~P≈~~~~~ ~..
##≈≈≈~~~~≈≈≈≈≈≈≈≈~~~ .5##
≈≈≈≈≈≈≈≈≈≈≈≈≈≈~P~~~≈ ..#
≈≈≈≈≈≈≈≈≈P~~≈~~~~P.~ #.#
######~~.~..~.~......
#.#########...............###..
#.........5.5K@...........# ###
###########################


You could see Pikel (very poisoned) and 2 lemures.

Vanquished Creatures
  Grinder (D:5)
  Eustachio (D:4)
  A water moccasin (D:5)
  A lemure (D:5)
  A phantom (D:4)
  2 kobold brigands (Sewer)
  A scorpion (D:4)
  A hound (D:5)
  An orc priest (D:4)
  A gnoll bouda (D:5)
  An iguana (D:4)
  3 orc wizards
  5 adders
  A gnoll (D:1)
  4 river rats
  3 dart slugs
  15 orcs
  4 bats
  3 endoplasms
  4 giant cockroaches
  2 goblins
  7 hobgoblins
  A jackal (Sewer)
  2 quokkas
  6 ball pythons
  2 frilled lizards (D:1)
  8 kobolds
  12 rats
94 creatures vanquished.

Vanquished Creatures (others)
  A plant (D:5)
1 creature vanquished.

Grand Total: 95 creatures vanquished

Notes
Turn   | Place    | Note
-------+----------+-------------------------------------------
     0 | D:1      | Ceno the Octopode Transmuter began the quest for the Orb.
     0 | D:1      | Reached XP level 1. HP: 13/13 MP: 3/3
   105 | D:1      | Reached skill level 1 in Poison Magic
   119 | D:1      | Reached XP level 2. HP: 18/18 MP: 3/5
   122 | D:1      | Learned a level 2 spell: Wereblood
   203 | D:1      | Found Ydoaliuj's Weapon Boutique.
   599 | D:1      | Reached XP level 3. HP: 23/23 MP: 4/6
   725 | D:1      | Learned a level 3 spell: Spider Form
  1256 | D:3      | Found a runed translucent door.
  1260 | D:3      | Noticed cforsyth's ghost (amateur KoBr)
  1320 | D:3      | Found a runed translucent door.
  1384 | D:3      | Reached XP level 4. HP: 19/28 MP: 3/7
  2665 | D:4      | Reached XP level 5. HP: 33/33 MP: 6/8
  2689 | D:4      | Reached skill level 1 in Ice Magic
  2768 | D:4      | Reached XP level 6. HP: 37/38 MP: 5/9
  2815 | D:4      | Found a glowing drain.
  2827 | Sewer    | Entered a sewer
  3162 | Sewer    | Found a glowing silver altar of Zin.
  3386 | D:4      | Reached skill level 5 in Transmutations
  3386 | D:4      | Reached XP level 7. HP: 28/43 MP: 10/10
  3425 | D:4      | Learned a level 4 spell: Ice Form
  3474 | D:4      | Noticed Eustachio
  3618 | D:4      | Killed Eustachio
  3619 | D:4      | Reached skill level 5 in Unarmed Combat
  4057 | D:5      | Entered Level 5 of the Dungeon
  4273 | D:5      | Reached XP level 8. HP: 38/51 MP: 9/12
  4367 | D:5      | Noticed Grinder
  4392 | D:5      | Killed Grinder
  4446 | D:5      | Noticed Pikel
  4475 | D:5      | HP: 1/52 [Pikel/+1 whip of freezing (10)]
  4475 | D:5      | Slain by Pikel

Illustrated notes

Levels and vault maps discovered:
D:1:      tarquinn_simple_flora_water_d, layout_rooms, serial_shops,
          nicolae_shop_stone
D:2:      layout_rooms
D:3:      layout_loops_corners, ebering_ghost_sewer_f
D:4:      layout_gridville, portal_sewer_entry_e, uniq_eustachio
D:5:      minmay_diamond_boxcup, layout_rooms, minmay_temple_entry_offerings,
          chequers_serial_rivers_marsh, chequers_big_river, uniq_pikel,
          uniq_grinder

Skill      XL: |  1  2  3  4  5  6  7  8 |
---------------+-------------------------+-----
Poison Magic   | 1 2 3 |  3.0
Transmutations | 3 4 5 |  5.0
Ice Magic      | 1 2 3 4 |  4.0
Unarmed Combat | 4 5 |  5.7
Fighting       | 2 3 |  3.0
Spellcasting   | 3 |  3.3
Dodging        | |  2.0

Action                     |  1- 3 |  4- 6 |  7- 9 || total
---------------------------+-------+-------+-------++-------
  Melee: Unarmed           |    72 |   115 |    76 ||   263
         Kick              |    21 |    26 |     5 ||    52
         Tentacles         |    10 |    15 |     2 ||    27
         Constrict         |    13 |    24 |     4 ||    41
         Punch             |     1 |     2 |     1 ||     4
  Throw: Stone             |     4 |     7 |     2 ||    13
         Dart              |       |     5 |     3 ||     8
   Cast: Beastly Appendage |    26 |    20 |     3 ||    49
         Wereblood         |     3 |     1 |     3 ||     7
         Spider Form       |     1 |     3 |     6 ||    10
         Ice Form          |       |       |     1 ||     1
Ability: End Transformatio |    10 |     3 |     4 ||    17
    Use: Scroll            |       |     4 |       ||     4
         Potion            |       |     4 |     1 ||     5
   Stab: Sleeping          |     5 |     2 |       ||     7
 Armour: Skin              |    14 |    31 |    16 ||    61
  Dodge: Dodged            |    31 |    58 |    46 ||   135

Table legend: (Time is in decaauts)
 A = Elapsed time spent in this place.
 B = Non-inter-level travel time spent in this place.
 C = Inter-level travel time spent in this place.
 D = Time resting spent in this place.
 E = Time spent auto-exploring this place.
 F = Levels seen in this place.
 G = Mean time per level.
                   A        B        C        D        E       F      G
               +--------+--------+--------+--------+--------+-----+--------+
         Total |   4474 |   4280 |    194 |    440 |   2076 |   6 |  745.7 |
       Dungeon |   4077 |   3883 |    194 |    310 |   2029 |   5 |  815.4 |
         Sewer |    396 |    396 |      0 |    130 |     47 |   1 |  396.0 |
               +--------+--------+--------+--------+--------+-----+--------+

Top non-repeatable levels by time:
     D:4: 1392 daAuts
     D:3: 1154 daAuts
     D:1: 752 daAuts
   Sewer: 396 daAuts
     D:2: 394 daAuts
     D:5: 383 daAuts
